 Dungeon Crawl Stone Soup version 0.19.5 (webtiles) character file.

4190 Rheo the Covered (level 10, -30/76 HPs)
             Began as a Human Berserker on May 11, 2017.
             Was an Elder of Trog.
             Killed from afar by Harold (41 damage)
             ... with a bolt of fire
             ... on level 10 of the Dungeon.
             The game lasted 01:41:16 (9332 turns).

Rheo the Covered (Human Berserker)                  Turns: 9332, Time: 01:41:17

Health: -30/76     AC: 15    Str: 23    XL:     10   Next: 53%
Magic:  19/19      EV:  5    Int:  8    God:    Trog [****..]
Gold:   428        SH: 15    Dex: 13    Spells: 0 memorised, 9 levels left

rFire  . . .     SeeInvis .     Q - +0 morningstar
rCold  . . .     Gourm    .     Y - +0 plate armour
rNeg   . . .     Faith    .     m - +0 large shield
rPois  .         Spirit   .     v - +1 helmet
rElec  .         Reflect  .     (no cloak)
rCorr  .         Harm     .     (no gloves)
MR     .....                    (no boots)
Stlth  ..........               (no amulet)
                                R - ring of magical power
                                F - +3 ring of strength

@: exhausted, slowed, very slow
A: no striking features
a: Berserk, Trog's Hand, Brothers in Arms, Burn Spellbooks, Renounce Religion


You were on level 10 of the Dungeon.
You worshipped Trog.
Trog was greatly pleased with you.
You were hungry.

You visited 2 branches of the dungeon, and saw 11 of its levels.

You collected 428 gold pieces.

Inventory:

Hand Weapons
 e - a cursed +0 giant spiked club
 f - a +0 blowgun
 k - a +1 quarterstaff of speed
 w - a +0 hunting sling
 y - a cursed +0 battleaxe
 C - a cursed +0 shortbow
 G - a +0 dire flail
 N - a cursed -2 hunting sling
 Q - a +0 morningstar (weapon)
Missiles
 i - 38 bolts
 j - 9 poisoned needles
 l - 243 stones
 n - 7 poisoned tomahawks
 s - 7 tomahawks
 D - 9 large rocks (quivered)
 E - 75 arrows
 O - 58 sling bullets
Armour
 m - a +0 large shield (worn)
 t - a +0 leather armour
 u - a +0 ring mail
 v - a +1 helmet (worn)
 M - a cursed +0 ring mail
 Y - a +0 plate armour (worn)
Jewellery
 h - an uncursed ring of fire
 F - a +3 ring of strength (left hand)
 R - a ring of magical power (right hand)
Wands
 a - a wand of random effects (28/48)
 r - a wand of acid (5/15)
 K - a wand of digging (11/24)
 U - a wand of flame (23/48)
 V - a wand of flame (18/48)
Scrolls
 b - 3 scrolls of identify
 d - a scroll of remove curse
 I - 2 scrolls of amnesia
 S - 2 scrolls of fog {unknown}
 T - a scroll of blinking
 W - a scroll of recharging {unknown}
 Z - 2 scrolls of teleportation {unknown}
Potions
 p - 2 potions of beneficial mutation {unknown}
 q - a potion of berserk rage {unknown}
 x - a potion of ambrosia {unknown}
 z - 2 potions of lignification
 A - a potion of magic
 B - a potion of cancellation
 H - 3 potions of curing {unknown}
 P - 2 potions of heal wounds {unknown}
Books
 g - a book of Battle

   Spells                             Type                      Level
   a - Infusion                       Charms                       1
   b - Shroud of Golubria             Charms/Translocation         2
   c - Song of Slaying                Charms                       2
   d - Spectral Weapon                Hexes/Charms                 3
   e - Regeneration                   Charms/Necromancy            3
   Trog disapproves of the use of such an item.
 X - a book of Minor Magic

   Spells                             Type                      Level
   a - Magic Dart                     Conjuration                  1
   b - Blink                          Translocation                2
   c - Call Imp                       Summoning                    2
   d - Repel Missiles                 Charms/Air                   2
   e - Slow                           Hexes                        2
   f - Conjure Flame                  Conjuration/Fire             3
   g - Mephitic Cloud                 Conjuration/Poison/Air       3
   Trog disapproves of the use of such an item.
Comestibles
 c - 5 bread rations
 o - 2 meat rations
 J - 2 fruits
 L - a beef jerky


   Skills:
 + Level 6.3 Fighting
 + Level 4.0(6.0) Axes
 + Level 5.5(7.0) Maces & Flails
   Level 4.0(5.8) Polearms
 + Level 4.9(6.7) Staves
 + Level 0.4(0.5) Slings
 + Level 0.4(0.5) Throwing
 + Level 6.4 Armour
 + Level 5.1 Dodging
 + Level 1.6 Stealth
 + Level 5.6 Shields


You had 9 spell levels left.
You didn't know any spells.

Dungeon Overview and Level Annotations

Branches:
Dungeon (10/15)            Temple (0/1) D:4             Orc (1/2) D:10
   Lair: D:8-11

Altars:
Dithmenos
Elyvilon
Makhleb
Uskayaw
Vehumet

Shops:
D:5 (

Annotations:
D:10 Harold


Message History

You hit Harold.
Harold is heavily wounded.
You block Harold's attack.
You hit Harold.
Harold is severely wounded.
Harold hits you but does no damage. Harold gestures at you while chanting.
The bolt of fire hits you!
You hit Harold but do no damage.
Harold is heavily wounded.
Harold hits you with a war axe of flaming!
* * * LOW HITPOINT WARNING * * *
Harold burns you.
* * * LOW HITPOINT WARNING * * *
You puncture Harold!
Harold is severely wounded.
Harold gestures at you while chanting. The bolt of fire hits you!
Ouch! That really hurt!
You die...

#### #@>#
######@#######
#.............
###.##########
#.# #.# #.#
#.# #.#


You could see Harold.

Vanquished Creatures
  Pikel (D:4)
  A hornet (D:7)
  Grinder (D:6)
  A hungry ghost (D:8)
  Menkaure (D:6)
  3 orc warriors
  4 ice beasts
  A sky beast (D:8)
  3 ogres
  A centaur (D:5)
  A big kobold (D:7)
  5 bullfrogs
  4 scorpions
  3 wights (D:8)
  A howler monkey (D:4)
  3 crimson imps
  4 hounds
  A bullfrog skeleton (D:7)
  A gnoll shaman (D:6)
  A jelly (D:5)
  A centaur skeleton (D:8)
  5 orc priests
  2 iguanas
  Ijyb (D:2)
  5 orc wizards
  4 worker ants
  Robin (D:3)
  7 gnolls
  A howler monkey skeleton (D:9)
  A worker ant zombie (D:6)
  13 adders
  4 shadow imps
  5 oozes
  An adder zombie (D:9)
  3 worms
  5 dart slugs
  A leopard gecko (D:6)
  25 orcs
  3 ball pythons
  4 giant cockroaches
  22 goblins
  5 hobgoblins
  19 jackals
  7 kobolds
  8 quokkas
  4 bats
  4 frilled lizards
  3 rats
205 creatures vanquished.

Vanquished Creatures (collateral kills)
  A centaur (D:8)
1 creature vanquished.

Vanquished Creatures (others)
  2 slaves (D:5)
  2 orc wizards (D:5)
  2 orcs (D:5)
  A ball python (D:5)
  A jackal (D:5)
  A quokka (D:5)
9 creatures vanquished.

Grand Total: 215 creatures vanquished

Notes
Turn   | Place    | Note
-------+----------+-------------------------------------------
     0 | D:1      | Rheo the Human Berserker began the quest for the Orb.
     0 | D:1      | Reached XP level 1. HP: 18/18 MP: 1/1
   183 | D:1      | Reached XP level 2. HP: 16/24 MP: 2/2
   306 | D:1      | HP: 1/36 [jackal (2)]
   476 | D:1      | Reached XP level 3. HP: 13/29 MP: 3/3
   742 | D:2      | Noticed Ijyb
   758 | D:2      | Killed Ijyb
   758 | D:2      | Reached skill level 1 in Polearms
   758 | D:2      | Reached XP level 4. HP: 35/37 MP: 4/4
   856 | D:2      | Reached ** piety under Trog
  1318 | D:2      | Reached XP level 5. HP: 32/42 MP: 5/5
  2152 | D:3      | Noticed Robin
  2205 | D:3      | Killed Robin
  2205 | D:3      | Reached XP level 6. HP: 11/48 MP: 6/6
  2488 | D:4      | Found a staircase to the Ecumenical Temple.
  2619 | D:4      | Noticed an ice beast
  2629 | D:4      | Killed an ice beast
  2629 | D:4      | Reached skill level 1 in Staves
  2786 | D:4      | Found a shadowy altar of Dithmenos.
  3536 | D:4      | Reached XP level 7. HP: 37/54 MP: 7/7
  4086 | D:5      | Entered Level 5 of the Dungeon
  4115 | D:5      | Noticed Pikel
  4139 | D:4      | Killed Pikel
  4139 | D:4      | Reached XP level 8. HP: 61/61 MP: 8/8
  4412 | D:5      | Reached skill level 1 in Stealth
  4674 | D:5      | Found Zemut's Weapon Shop.
  4743 | D:5      | Reached skill level 5 in Fighting
  4747 | D:5      | Reached *** piety under Trog
  4756 | D:5      | Reached skill level 5 in Dodging
  4787 | D:5      | Reached skill level 1 in Maces & Flails
  4787 | D:5      | Reached skill level 5 in Armour
  4966 | D:5      | Reached XP level 9. HP: 68/68 MP: 9/9
  5421 | D:6      | Reached skill level 1 in Shields
  5522 | D:6      | Noticed Menkaure
  5537 | D:6      | Killed Menkaure
  5578 | D:6      | Found a burning altar of Makhleb.
  5897 | D:6      | Noticed Grinder
  5911 | D:6      | Paralysed by Grinder for 4 turns
  5920 | D:6      | Killed Grinder
  6032 | D:6      | Found a hide-covered altar of Uskayaw.
  6065 | D:6      | Reached **** piety under Trog
  7062 | D:7      | Reached XP level 10. HP: 66/76 MP: 10/10
  7394 | D:7      | Paralysed by a hornet for 2 turns
  8095 | D:8      | Reached skill level 5 in Shields
  8128 | D:8      | Found a white marble altar of Elyvilon.
  8263 | D:8      | Reached skill level 5 in Maces & Flails
  8972 | D:9      | Found a radiant altar of Vehumet.
  9095 | D:10     | Entered Level 10 of the Dungeon
  9294 | D:10     | Found a staircase to the Orcish Mines.
  9304 | Orc:1    | Entered Level 1 of the Orcish Mines
  9304 | Orc:1    | Noticed Harold
  9332 | D:10     | Killed from afar by Harold

Skill      XL: |  1  2  3  4  5  6  7  8  9 10 |
---------------+-------------------------------+-----
Polearms       | 1 2 4 |  4.0
Axes           | 4 |  4.0
Fighting       | 4 5 6 |  6.3
Dodging        | 3 4 5 |  5.1
Staves         | 2 4 |  4.9
Armour         | 3 4 5 6 |  6.4
Stealth        | 1 |  1.6
Maces & Flails | 1 3 5 |  5.5
Shields        | 3 5 |  5.6
Slings         | |  0.4
Throwing       | |  0.4

Action                   |  1- 3 |  4- 6 |  7- 9 | 10-12 || total
-------------------------+-------+-------+-------+-------++-------
Melee: Hand axe          |    58 |    71 |       |       ||   129
       Spear             |    20 |       |       |       ||    20
       Quarterstaff      |       |   141 |    61 |       ||   202
       Rapier            |       |    19 |       |       ||    19
       Morningstar       |       |       |   158 |   197 ||   355
       Trident           |       |       |   218 |       ||   218
 Fire: Hunting sling     |       |    16 |       |       ||    16
Throw: Stone             |       |    26 |     1 |       ||    27
Invok: Berserk           |     1 |     6 |    16 |     2 ||    25
       Trog's Hand       |       |     2 |     3 |       ||     5
       Brothers in Arms  |       |       |       |     2 ||     2
  Use: Scroll            |     1 |     3 |     5 |       ||     9
       Potion            |       |     3 |     3 |       ||     6
  Eat: Chunk             |       |    11 |    13 |     4 ||    28
       Fruit             |       |     4 |       |     4 ||     8
       Royal jelly       |       |     1 |       |       ||     1
       Bread ration      |       |       |     2 |     1 ||     3
       Meat ration       |       |       |     1 |       ||     1
Armor: Leather armour    |     7 |       |       |       ||     7
       Ring mail         |    32 |   145 |    54 |       ||   231
       Skin              |       |       |    25 |       ||    25
       Plate armour      |       |       |   200 |    87 ||   287
Dodge: Dodged            |    76 |   264 |   148 |    32 ||   520
Block: Large shield      |       |       |   247 |   175 ||   422
